AoeStats
← Python 1.4.21

MegaRandom

508218038Analyzed
4v4 RM · 11d ago on Sep 21, 2026· 41m 48s· 8 players
Game mode
Random Map
Map size
Large (8 player)
Population
200
Speed
Normal
Resources
Standard
Victory
Conquest
Starting age
Dark Age
Ending age
Imperial Age
RankedLock teamsTeams togetherTeam positionsShared explorationLock speedFull tech treeHidden civsTurbo modeCheats
Victory
Defeat
🇨🇳 Byzantines · China
1844
+8
1712
+13
🇨🇳 Dravidians · China
1682
+14
🇨🇳 Ethiopians · China
1636
+16
🇹🇼 Bohemians · Taiwan
1727
-16
🇹🇼 Teutons · Taiwan
1656
-13
🇹🇼 Goths · Taiwan
1618
-12
🇹🇼 Persians · Taiwan
1562
-10
TATTOO
6:44 Loom
9:19 Feudal Age
9:53 Double-Bit Axe
22:18 Castle Age
21:07 Bloodlines
22:05 Gold Mining
23:19 Scale Barding Armor
24:33 Forging
30:37 Chain Barding Armor
33:46 Bow Saw
liang0312
6:13 Loom
6:38 Loom
8:43 Feudal Age
10:44 Double-Bit Axe
12:30 Fletching
23:11 Castle Age
22:15 Padded Archer Armor
23:17 Crossbowman
23:58 Bodkin Arrow
26:24 Chemistry
27:46 Ballistics
28:15 Wheelbarrow
30:56 Town Watch
44:02 Imperial Age
星空夜羽
5:28 Loom
9:17 Feudal Age
9:49 Double-Bit Axe
11:32 Horse Collar
13:37 Town Watch
17:28 Scale Barding Armor
28:12 Castle Age
27:21 Forging
27:22 Gold Mining
28:19 Bloodlines
29:14 Chain Barding Armor
29:56 Bow Saw
39:01 Wheelbarrow
42:22 Iron Casting
Python 1.4.21
5:32 Loom
6:19 Loom
9:18 Feudal Age
11:26 Fletching
15:01 Double-Bit Axe
15:45 Padded Archer Armor
21:42 Wheelbarrow
25:29 Castle Age
23:59 Gold Mining
25:31 Crossbowman
26:14 Bodkin Arrow
29:18 Leather Archer Armor
29:06 Town Watch
30:54 Bow Saw
34:44 Ballistics
40:19 Imperial Age
40:34 Stone Mining
41:05 Bracer
41:36 Ring Archer Armor
42:15 Chemistry
枯山水
9:21 Feudal Age
9:51 Loom
10:20 Double-Bit Axe
11:46 Fletching
13:52 Padded Archer Armor
18:37 Wheelbarrow
22:15 Gold Mining
25:41 Castle Age
26:17 Bodkin Arrow
25:44 Crossbowman
26:46 Bow Saw
26:38 Horse Collar
28:03 Ballistics
29:01 Thumb Ring
32:02 Leather Archer Armor
36:24 Hand Cart
35:55 Town Watch
36:22 Heavy Plow
41:31 Imperial Age
38:28 Elite Skirmisher
41:10 Elite Skirmisher
41:34 Elite Elephant Archer
42:27 Bracer
自有大儒为我辩经
9:34 Feudal Age
9:38 Champi Runner
16:27 Scale Mail Armor
17:56 Forging
21:49 Loom
22:21 Double-Bit Axe
27:38 Castle Age
26:31 Horse Collar
26:41 Gold Mining
27:52 Champi Warrior
28:35 Squires
28:54 Chain Mail Armor
32:52 Bow Saw
34:09 Wheelbarrow
38:35 Heavy Plow
40:53 Gold Shaft Mining
39:58 Pikeman
44:51 Imperial Age
czj136
6:24 Loom
6:30 Loom
9:30 Feudal Age
12:22 Fletching
13:41 Padded Archer Armor
16:55 Town Watch
27:19 Castle Age
27:20 Crossbowman
27:58 Bodkin Arrow
28:05 Double-Bit Axe
28:11 Gold Mining
29:17 Ballistics
30:35 Thumb Ring
31:17 Leather Archer Armor
40:20 Imperial Age
38:49 Horse Collar
40:21 Arbalester
41:07 Bracer
42:23 Chemistry
catastrophe
8:29 Feudal Age
9:34 Double-Bit Axe
10:26 Loom
15:50 Scale Barding Armor
22:29 Castle Age
20:34 Horse Collar
21:22 Forging
22:34 Light Cavalry
23:40 Chain Barding Armor
28:41 Wheelbarrow
28:26 Gold Mining
28:50 Husbandry
31:53 Iron Casting
38:03 Gold Shaft Mining
37:27 Stone Mining
41:38 Imperial Age
39:43 Fletching
40:15 Ballistics
42:07 Heavy Plow
41:42 Cavalier
43:02 Plate Barding Armor
Connection lost

Rejoining the realm…

Still unreachable

The connection could not be restored.

Session expired

The server has moved on; the page needs a fresh start.